Workbook
Name Temas: Temas!$E$1:$T$1

Sheet 2021-2026
A1: ID | B1: Fecha de radicación | C1: Tipología documental | D1: Fecha de respuesta | E1: Días de trámite | F1: Solicitud de prórroga
A2: 2090826 | B2: 46113.336 | C2: Solicitud de Información | D2: 46125 | E2: =NETWORKDAYS(Tabla36[[#This Row],[Fecha de radicación]],Tabla36[[#This Row],[Fecha de respuesta]]-1,Listas!$G$2:$G$75) -> 6 | F2: No
A3: 2090842 | B3: 46113.353 | C3: Solicitud de Información | D3: 46113 | E3: 0 | F3: No
A4: 2090846 | B4: 46113.357 | C4: Solicitud de Información | D4: 46122 | E4: =NETWORKDAYS(Tabla36[[#This Row],[Fecha de radicación]],Tabla36[[#This Row],[Fecha de respuesta]]-1,Listas!$G$2:$G$75) -> 5 | F4: No
A5: 2090987 | B5: 46113.42 | C5: Solicitud de Información | D5: 46125 | E5: =NETWORKDAYS(Tabla36[[#This Row],[Fecha de radicación]],Tabla36[[#This Row],[Fecha de respuesta]]-1,Listas!$G$2:$G$75) -> 6 | F5: No
A6: 2091112 | B6: 46113.494 | C6: Solicitud de Información | D6: 46126 | E6: =NETWORKDAYS(Tabla36[[#This Row],[Fecha de radicación]],Tabla36[[#This Row],[Fecha de respuesta]]-1,Listas!$G$2:$G$75) -> 7 | F6: No
A7: 2091135 | B7: 46113.5 | C7: Solicitud de Información | D7: 46122 | E7: =NETWORKDAYS(Tabla36[[#This Row],[Fecha de radicación]],Tabla36[[#This Row],[Fecha de respuesta]]-1,Listas!$G$2:$G$75) -> 5 | F7: No
A8: 2091148 | B8: 46113.508 | C8: Solicitud de Información | D8: 46125 | E8: =NETWORKDAYS(Tabla36[[#This Row],[Fecha de radicación]],Tabla36[[#This Row],[Fecha de respuesta]]-1,Listas!$G$2:$G$75) -> 6 | F8: No
A9: 2091179 | B9: 46113.553 | C9: Solicitud de Información | D9: 46126 | E9: =NETWORKDAYS(Tabla36[[#This Row],[Fecha de radicación]],Tabla36[[#This Row],[Fecha de respuesta]]-1,Listas!$G$2:$G$75) -> 7 | F9: No
A10: 2091189 | B10: 46113.565 | C10: Solicitud de Información | D10: 46126 | E10: =NETWORKDAYS(Tabla36[[#This Row],[Fecha de radicación]],Tabla36[[#This Row],[Fecha de respuesta]]-1,Listas!$G$2:$G$75) -> 7 | F10: No
A11: 2091204 | B11: 46113.587 | C11: Solicitud de Información | D11: 46146 | E11: =NETWORKDAYS(Tabla36[[#This Row],[Fecha de radicación]],Tabla36[[#This Row],[Fecha de respuesta]]-1,Listas!$G$2:$G$75) -> 19 | F11: Sí
A12: 2091224 | B12: 46113.631 | C12: Solicitud de Información | D12: 46126 | E12: =NETWORKDAYS(Tabla36[[#This Row],[Fecha de radicación]],Tabla36[[#This Row],[Fecha de respuesta]]-1,Listas!$G$2:$G$75) -> 7 | F12: No
A13: 2091226 | B13: 46113.633 | C13: Solicitud de Información | D13: 46126 | E13: =NETWORKDAYS(Tabla36[[#This Row],[Fecha de radicación]],Tabla36[[#This Row],[Fecha de respuesta]]-1,Listas!$G$2:$G$75) -> 7 | F13: No
A14: 2091235 | B14: 46113.642 | C14: Solicitud de Información | D14: 46126 | E14: =NETWORKDAYS(Tabla36[[#This Row],[Fecha de radicación]],Tabla36[[#This Row],[Fecha de respuesta]]-1,Listas!$G$2:$G$75) -> 7 | F14: No
A15: 2091237 | B15: 46113.644 | C15: Solicitud de Información | D15: 46126 | E15: =NETWORKDAYS(Tabla36[[#This Row],[Fecha de radicación]],Tabla36[[#This Row],[Fecha de respuesta]]-1,Listas!$G$2:$G$75) -> 7 | F15: No
... A25: 2091543 | B25: 46118.408 | C25: Solicitud de Información | D25: 46129 | E25: =NETWORKDAYS(Tabla36[[#This Row],[Fecha de radicación]],Tabla36[[#This Row],[Fecha de respuesta]]-1,Listas!$G$2:$G$75) -> 9 | F25: No
A26: 2091567 | B26: 46118.42 | C26: Solicitud de Información | D26: 46118 | E26: 0 | F26: No
A27: 2091605 | B27: 46118.436 | C27: Solicitud de Información | D27: 46146 | E27: =NETWORKDAYS(Tabla36[[#This Row],[Fecha de radicación]],Tabla36[[#This Row],[Fecha de respuesta]]-1,Listas!$G$2:$G$75) -> 18 | F27: Sí
A28: 2091610 | B28: 46118.439 | C28: Solicitud de Información | D28: 46132 | E28: =NETWORKDAYS(Tabla36[[#This Row],[Fecha de radicación]],Tabla36[[#This Row],[Fecha de respuesta]]-1,Listas!$G$2:$G$75) -> 9 | F28: No
A29: 2091745 | B29: 46118.536 | C29: Solicitud de Información | D29: 46125 | E29: =NETWORKDAYS(Tabla36[[#This Row],[Fecha de radicación]],Tabla36[[#This Row],[Fecha de respuesta]]-1,Listas!$G$2:$G$75) -> 5 | F29: No
A30: 2091752 | B30: 46118.544 | C30: Solicitud de Información | D30: 46132 | E30: =NETWORKDAYS(Tabla36[[#This Row],[Fecha de radicación]],Tabla36[[#This Row],[Fecha de respuesta]]-1,Listas!$G$2:$G$75) -> 9 | F30: No
A31: 2091819 | B31: 46118.609 | C31: Solicitud de Información | D31: 46128 | E31: =NETWORKDAYS(Tabla36[[#This Row],[Fecha de radicación]],Tabla36[[#This Row],[Fecha de respuesta]]-1,Listas!$G$2:$G$75) -> 8 | F31: No
A32: 2091821 | B32: 46118.61 | C32: Solicitud de Información | D32: 46126 | E32: =NETWORKDAYS(Tabla36[[#This Row],[Fecha de radicación]],Tabla36[[#This Row],[Fecha de respuesta]]-1,Listas!$G$2:$G$75) -> 6 | F32: No
A33: 2091832 | B33: 46118.62 | C33: Solicitud de Información | D33: 46132 | E33: =NETWORKDAYS(Tabla36[[#This Row],[Fecha de radicación]],Tabla36[[#This Row],[Fecha de respuesta]]-1,Listas!$G$2:$G$75) -> 9 | F33: No
A34: 2091833 | B34: 46118.62 | C34: Solicitud de Información | D34: 46127 | E34: =NETWORKDAYS(Tabla36[[#This Row],[Fecha de radicación]],Tabla36[[#This Row],[Fecha de respuesta]]-1,Listas!$G$2:$G$75) -> 7 | F34: No
A35: 2091844 | B35: 46118.631 | C35: Solicitud de Información | D35: 46128 | E35: =NETWORKDAYS(Tabla36[[#This Row],[Fecha de radicación]],Tabla36[[#This Row],[Fecha de respuesta]]-1,Listas!$G$2:$G$75) -> 8 | F35: No
A36: 2091907 | B36: 46118.673 | C36: Solicitud de Información | D36: 46127 | E36: =NETWORKDAYS(Tabla36[[#This Row],[Fecha de radicación]],Tabla36[[#This Row],[Fecha de respuesta]]-1,Listas!$G$2:$G$75) -> 7 | F36: Sí
A37: 2091924 | B37: 46118.686 | C37: Solicitud de Información | D37: 46129 | E37: =NETWORKDAYS(Tabla36[[#This Row],[Fecha de radicación]],Tabla36[[#This Row],[Fecha de respuesta]]-1,Listas!$G$2:$G$75) -> 9 | F37: No
A38: 2091934 | B38: 46118.693 | C38: Solicitud de Información | D38: 46129 | E38: =NETWORKDAYS(Tabla36[[#This Row],[Fecha de radicación]],Tabla36[[#This Row],[Fecha de respuesta]]-1,Listas!$G$2:$G$75) -> 9 | F38: No
... A94: 2093474 | B94: 46121.47 | C94: Solicitud de Información | D94: 46129 | E94: =NETWORKDAYS(Tabla36[[#This Row],[Fecha de radicación]],Tabla36[[#This Row],[Fecha de respuesta]]-1,Listas!$G$2:$G$75) -> 6 | F94: No
A95: 2093519 | B95: 46121.545 | C95: Solicitud de Información | D95: 46121 | E95: 0 | F95: No
A96: 2093522 | B96: 46121.549 | C96: Solicitud de Información | D96: 46133 | E96: =NETWORKDAYS(Tabla36[[#This Row],[Fecha de radicación]],Tabla36[[#This Row],[Fecha de respuesta]]-1,Listas!$G$2:$G$75) -> 7 | F96: No
A97: 2093564 | B97: 46121.614 | C97: Solicitud de Información | D97: 46131 | E97: =NETWORKDAYS(Tabla36[[#This Row],[Fecha de radicación]],Tabla36[[#This Row],[Fecha de respuesta]]-1,Listas!$G$2:$G$75) -> 6 | F97: No
A98: 2093584 | B98: 46121.639 | C98: Solicitud de Información | D98: 46134 | E98: =NETWORKDAYS(Tabla36[[#This Row],[Fecha de radicación]],Tabla36[[#This Row],[Fecha de respuesta]]-1,Listas!$G$2:$G$75) -> 8 | F98: No
A99: 2093621 | B99: 46121.668 | C99: Solicitud de Información | D99: 46126 | E99: =NETWORKDAYS(Tabla36[[#This Row],[Fecha de radicación]],Tabla36[[#This Row],[Fecha de respuesta]]-1,Listas!$G$2:$G$75) -> 3 | F99: No
A100: 2093722 | B100: 46121.755 | C100: Solicitud de Información | D100: 46133 | E100: =NETWORKDAYS(Tabla36[[#This Row],[Fecha de radicación]],Tabla36[[#This Row],[Fecha de respuesta]]-1,Listas!$G$2:$G$75) -> 7 | F100: No
A101: 2093890 | B101: 46122.387 | C101: Solicitud de Información | D101: 46136 | E101: =NETWORKDAYS(Tabla36[[#This Row],[Fecha de radicación]],Tabla36[[#This Row],[Fecha de respuesta]]-1,Listas!$G$2:$G$75) -> 9 | F101: No
A102: 2093994 | B102: 46122.467 | C102: Solicitud de Información | D102: 46136 | E102: =NETWORKDAYS(Tabla36[[#This Row],[Fecha de radicación]],Tabla36[[#This Row],[Fecha de respuesta]]-1,Listas!$G$2:$G$75) -> 9 | F102: No
A103: 2094001 | B103: 46122.47 | C103: Solicitud de Información | D103: 46139 | E103: =NETWORKDAYS(Tabla36[[#This Row],[Fecha de radicación]],Tabla36[[#This Row],[Fecha de respuesta]]-1,Listas!$G$2:$G$75) -> 10 | F103: Sí
A104: 2094006 | B104: 46122.473 | C104: Solicitud de Información | D104: 46125 | E104: =NETWORKDAYS(Tabla36[[#This Row],[Fecha de radicación]],Tabla36[[#This Row],[Fecha de respuesta]]-1,Listas!$G$2:$G$75) -> 1 | F104: No
A105: 2094058 | B105: 46122.517 | C105: Solicitud de Información | D105: 46129 | E105: =NETWORKDAYS(Tabla36[[#This Row],[Fecha de radicación]],Tabla36[[#This Row],[Fecha de respuesta]]-1,Listas!$G$2:$G$75) -> 5 | F105: No
A106: 2094064 | B106: 46122.521 | C106: Solicitud de Información | D106: 46125 | E106: =NETWORKDAYS(Tabla36[[#This Row],[Fecha de radicación]],Tabla36[[#This Row],[Fecha de respuesta]]-1,Listas!$G$2:$G$75) -> 1 | F106: No
A107: 2094101 | B107: 46122.549 | C107: Solicitud de Información | D107: 46135 | E107: =NETWORKDAYS(Tabla36[[#This Row],[Fecha de radicación]],Tabla36[[#This Row],[Fecha de respuesta]]-1,Listas!$G$2:$G$75) -> 8 | F107: No
... A187: 2095979 | B187: 46128.369 | C187: Solicitud de Información | D187: 46141 | E187: =NETWORKDAYS(Tabla36[[#This Row],[Fecha de radicación]],Tabla36[[#This Row],[Fecha de respuesta]]-1,Listas!$G$2:$G$75) -> 8 | F187: No
A188: 2096109 | B188: 46128.449 | C188: Solicitud de Información | D188: 46128 | E188: 0 | F188: No
A189: 2096170 | B189: 46128.562 | C189: Solicitud de Información | D189: 46141 | E189: =NETWORKDAYS(Tabla36[[#This Row],[Fecha de radicación]],Tabla36[[#This Row],[Fecha de respuesta]]-1,Listas!$G$2:$G$75) -> 8 | F189: No
A190: 2096261 | B190: 46128.653 | C190: Solicitud de Información | D190: 46140 | E190: =NETWORKDAYS(Tabla36[[#This Row],[Fecha de radicación]],Tabla36[[#This Row],[Fecha de respuesta]]-1,Listas!$G$2:$G$75) -> 7 | F190: No
A191: 2096274 | B191: 46128.659 | C191: Solicitud de Información | D191: 46142 | E191: =NETWORKDAYS(Tabla36[[#This Row],[Fecha de radicación]],Tabla36[[#This Row],[Fecha de respuesta]]-1,Listas!$G$2:$G$75) -> 9 | F191: No
A192: 2096276 | B192: 46128.66 | C192: Solicitud de Información | D192: 46141 | E192: =NETWORKDAYS(Tabla36[[#This Row],[Fecha de radicación]],Tabla36[[#This Row],[Fecha de respuesta]]-1,Listas!$G$2:$G$75) -> 8 | F192: No
A193: 2096292 | B193: 46128.673 | C193: Solicitud de Información | D193: 46141 | E193: =NETWORKDAYS(Tabla36[[#This Row],[Fecha de radicación]],Tabla36[[#This Row],[Fecha de respuesta]]-1,Listas!$G$2:$G$75) -> 8 | F193: No
A194: 2096293 | B194: 46128.674 | C194: Solicitud de Información | D194: 46140 | E194: =NETWORKDAYS(Tabla36[[#This Row],[Fecha de radicación]],Tabla36[[#This Row],[Fecha de respuesta]]-1,Listas!$G$2:$G$75) -> 7 | F194: No
A195: 2096294 | B195: 46128.674 | C195: Solicitud de Información | D195: 46141 | E195: =NETWORKDAYS(Tabla36[[#This Row],[Fecha de radicación]],Tabla36[[#This Row],[Fecha de respuesta]]-1,Listas!$G$2:$G$75) -> 8 | F195: No
A196: 2096302 | B196: 46128.679 | C196: Solicitud de Información | D196: 46139 | E196: =NETWORKDAYS(Tabla36[[#This Row],[Fecha de radicación]],Tabla36[[#This Row],[Fecha de respuesta]]-1,Listas!$G$2:$G$75) -> 6 | F196: No
A197: 2096313 | B197: 46128.684 | C197: Solicitud de Información | D197: 46141 | E197: =NETWORKDAYS(Tabla36[[#This Row],[Fecha de radicación]],Tabla36[[#This Row],[Fecha de respuesta]]-1,Listas!$G$2:$G$75) -> 8 | F197: No
A198: 2096314 | B198: 46128.685 | C198: Solicitud de Información | D198: 46135 | E198: =NETWORKDAYS(Tabla36[[#This Row],[Fecha de radicación]],Tabla36[[#This Row],[Fecha de respuesta]]-1,Listas!$G$2:$G$75) -> 4 | F198: No
A199: 2096321 | B199: 46128.689 | C199: Solicitud de Información | D199: 46136 | E199: =NETWORKDAYS(Tabla36[[#This Row],[Fecha de radicación]],Tabla36[[#This Row],[Fecha de respuesta]]-1,Listas!$G$2:$G$75) -> 5 | F199: No
A200: 2096323 | B200: 46128.689 | C200: Solicitud de Información | D200: 46136 | E200: =NETWORKDAYS(Tabla36[[#This Row],[Fecha de radicación]],Tabla36[[#This Row],[Fecha de respuesta]]-1,Listas!$G$2:$G$75) -> 5 | F200: No
... A341: 2101468 | B341: 46146.371 | C341: Solicitud de Información | D341: 46155 | E341: =NETWORKDAYS(Tabla36[[#This Row],[Fecha de radicación]],Tabla36[[#This Row],[Fecha de respuesta]]-1,Listas!$G$2:$G$75) -> 7 | F341: No
A342: 2101488 | B342: 46146.385 | C342: Solicitud de Información | D342: 46146 | E342: 0 | F342: No
A343: 2101492 | B343: 46146.387 | C343: Solicitud de Información | D343: 46156 | E343: =NETWORKDAYS(Tabla36[[#This Row],[Fecha de radicación]],Tabla36[[#This Row],[Fecha de respuesta]]-1,Listas!$G$2:$G$75) -> 8 | F343: No
A344: 2101673 | B344: 46146.511 | C344: Solicitud de Información | D344: 46156 | E344: =NETWORKDAYS(Tabla36[[#This Row],[Fecha de radicación]],Tabla36[[#This Row],[Fecha de respuesta]]-1,Listas!$G$2:$G$75) -> 8 | F344: No
A345: 2101768 | B345: 46146.629 | C345: Solicitud de Información | D345: 46155 | E345: =NETWORKDAYS(Tabla36[[#This Row],[Fecha de radicación]],Tabla36[[#This Row],[Fecha de respuesta]]-1,Listas!$G$2:$G$75) -> 7 | F345: No
A346: 2101773 | B346: 46146.631 | C346: Solicitud de Información | D346: 46155 | E346: =NETWORKDAYS(Tabla36[[#This Row],[Fecha de radicación]],Tabla36[[#This Row],[Fecha de respuesta]]-1,Listas!$G$2:$G$75) -> 7 | F346: No
A347: 2101786 | B347: 46146.633 | C347: Solicitud de Información | D347: 46150 | E347: =NETWORKDAYS(Tabla36[[#This Row],[Fecha de radicación]],Tabla36[[#This Row],[Fecha de respuesta]]-1,Listas!$G$2:$G$75) -> 4 | F347: No
A348: 2101801 | B348: 46146.639 | C348: Solicitud de Información | D348: 46150 | E348: =NETWORKDAYS(Tabla36[[#This Row],[Fecha de radicación]],Tabla36[[#This Row],[Fecha de respuesta]]-1,Listas!$G$2:$G$75) -> 4 | F348: No
A349: 2101804 | B349: 46146.64 | C349: Solicitud de Información | D349: 46150 | E349: =NETWORKDAYS(Tabla36[[#This Row],[Fecha de radicación]],Tabla36[[#This Row],[Fecha de respuesta]]-1,Listas!$G$2:$G$75) -> 4 | F349: No
A350: 2101818 | B350: 46146.645 | C350: Solicitud de Información | D350: 46156 | E350: =NETWORKDAYS(Tabla36[[#This Row],[Fecha de radicación]],Tabla36[[#This Row],[Fecha de respuesta]]-1,Listas!$G$2:$G$75) -> 8 | F350: No
A351: 2101825 | B351: 46146.646 | C351: Solicitud de Información | D351: 46161 | E351: =NETWORKDAYS(Tabla36[[#This Row],[Fecha de radicación]],Tabla36[[#This Row],[Fecha de respuesta]]-1,Listas!$G$2:$G$75) -> 10 | F351: No
A352: 2101831 | B352: 46146.648 | C352: Solicitud de Información | D352: 46155 | E352: =NETWORKDAYS(Tabla36[[#This Row],[Fecha de radicación]],Tabla36[[#This Row],[Fecha de respuesta]]-1,Listas!$G$2:$G$75) -> 7 | F352: No
A353: 2101839 | B353: 46146.65 | C353: Solicitud de Información | D353: 46153 | E353: =NETWORKDAYS(Tabla36[[#This Row],[Fecha de radicación]],Tabla36[[#This Row],[Fecha de respuesta]]-1,Listas!$G$2:$G$75) -> 5 | F353: No
A354: 2101840 | B354: 46146.651 | C354: Solicitud de Información | D354: 46161 | E354: =NETWORKDAYS(Tabla36[[#This Row],[Fecha de radicación]],Tabla36[[#This Row],[Fecha de respuesta]]-1,Listas!$G$2:$G$75) -> 10 | F354: No
... A922: 2149702 | B922: 46197.639 | C922: Solicitud de Información | D922: 46211 | E922: =NETWORKDAYS(Tabla36[[#This Row],[Fecha de radicación]],Tabla36[[#This Row],[Fecha de respuesta]]-1,Listas!$G$2:$G$75) -> 9 | F922: No
A923: 2149707 | B923: 46197.644 | C923: Solicitud de Información | D923: 46197 | E923: 0 | F923: No
A924: 2149731 | B924: 46197.662 | C924: Solicitud de Información | D924: 46212 | E924: =NETWORKDAYS(Tabla36[[#This Row],[Fecha de radicación]],Tabla36[[#This Row],[Fecha de respuesta]]-1,Listas!$G$2:$G$75) -> 10 | F924: No
A925: 2149738 | B925: 46197.666 | C925: Solicitud de información del Congreso de la República | D925: 46205 | E925: =NETWORKDAYS(Tabla36[[#This Row],[Fecha de radicación]],Tabla36[[#This Row],[Fecha de respuesta]]-1,Listas!$G$2:$G$75) -> 5 | F925: No
A926: 2149752 | B926: 46197.678 | C926: Solicitud de Información | D926: 46212 | E926: =NETWORKDAYS(Tabla36[[#This Row],[Fecha de radicación]],Tabla36[[#This Row],[Fecha de respuesta]]-1,Listas!$G$2:$G$75) -> 10 | F926: Sí
A927: 2149760 | B927: 46197.687 | C927: Solicitud de Información | D927: 46210 | E927: =NETWORKDAYS(Tabla36[[#This Row],[Fecha de radicación]],Tabla36[[#This Row],[Fecha de respuesta]]-1,Listas!$G$2:$G$75) -> 8 | F927: No
A928: 2149875 | B928: 46198.312 | C928: Solicitud de Información | D928: 46205 | E928: =NETWORKDAYS(Tabla36[[#This Row],[Fecha de radicación]],Tabla36[[#This Row],[Fecha de respuesta]]-1,Listas!$G$2:$G$75) -> 4 | F928: No
A929: 2149878 | B929: 46198.317 | C929: Solicitud de Información | D929: 46205 | E929: =NETWORKDAYS(Tabla36[[#This Row],[Fecha de radicación]],Tabla36[[#This Row],[Fecha de respuesta]]-1,Listas!$G$2:$G$75) -> 4 | F929: No
A930: 2150001 | B930: 46198.507 | C930: Solicitud de Información | D930: 46213 | E930: =NETWORKDAYS(Tabla36[[#This Row],[Fecha de radicación]],Tabla36[[#This Row],[Fecha de respuesta]]-1,Listas!$G$2:$G$75) -> 10 | F930: No
A931: 2150033 | B931: 46198.568 | C931: Solicitud de Información | D931: 46209 | E931: =NETWORKDAYS(Tabla36[[#This Row],[Fecha de radicación]],Tabla36[[#This Row],[Fecha de respuesta]]-1,Listas!$G$2:$G$75) -> 6 | F931: No
A932: 2150034 | B932: 46198.569 | C932: Solicitud de Información | D932: 46205 | E932: =NETWORKDAYS(Tabla36[[#This Row],[Fecha de radicación]],Tabla36[[#This Row],[Fecha de respuesta]]-1,Listas!$G$2:$G$75) -> 4 | F932: No
A933: 2150036 | B933: 46198.57 | C933: Solicitud de Información | D933: 46210 | E933: =NETWORKDAYS(Tabla36[[#This Row],[Fecha de radicación]],Tabla36[[#This Row],[Fecha de respuesta]]-1,Listas!$G$2:$G$75) -> 7 | F933: No
A934: 2150111 | B934: 46198.626 | C934: Solicitud de Información | D934: 46210 | E934: =NETWORKDAYS(Tabla36[[#This Row],[Fecha de radicación]],Tabla36[[#This Row],[Fecha de respuesta]]-1,Listas!$G$2:$G$75) -> 7 | F934: No
A935: 2150120 | B935: 46198.637 | C935: Solicitud de Información | D935: 46210 | E935: =NETWORKDAYS(Tabla36[[#This Row],[Fecha de radicación]],Tabla36[[#This Row],[Fecha de respuesta]]-1,Listas!$G$2:$G$75) -> 7 | F935: No
... A958: 2151110 | B958: 46203.662 | C958: Solicitud de Información | D958: 46225 | E958: =NETWORKDAYS(Tabla36[[#This Row],[Fecha de radicación]],Tabla36[[#This Row],[Fecha de respuesta]]-1,Listas!$G$2:$G$75) -> 14 | F958: Sí

Sheet Hoja1
A1: ID | B1: Estado del trámite | C1: Fecha de radicación | D1: Días de vencimiento | E1: Fecha de vencimiento | F1: Tipología documental | G1: Peticionario / Solicitante | H1: Id. de respuesta | I1: Fecha de respuesta
A2: 2156828 | B2: Gestión exitosa | C2: 46218.655 | D2: 10 | E2: =IF(C2="","",WORKDAY((C2),D2,Listas!$G$2:$G$75)) -> 46233 | F2: Solicitud de Información | G2: JONATHAN ALEXANDER DÍAZ PEÑARANDA C.C. 1.010.033.250 expedida en Cúcuta – Norte de Santander Socio Fundador de Palacios Diaz & Asociados jdiaz3974@gmail.com | H2: 2182988 | I2: 46238
A3: 2177807 | B3: Gestión exitosa | C3: 46220.726 | D3: 10 | E3: =IF(C3="","",WORKDAY((C3),D3,Listas!$G$2:$G$75)) -> 46237 | F3: Solicitud de Información | G3: ALIANZA COLOMBIA LIBRE DE FRACKING colombialibredefracking@gmail.com, | H3: 2185458 | I3: 46244
A4: 2178262 | B4: Gestión exitosa | C4: 46224.561 | D4: 10 | E4: =IF(C4="","",WORKDAY((C4),D4,Listas!$G$2:$G$75)) -> 46238 | F4: Solicitud de Información | G4: ALEJANDRO GARCIA PEDRAZA sentipensarcol@gmail.com | H4: 2188708 | I4: 46254
A5: 2179359 | B5: Gestión exitosa | C5: 46226.663 | D5: 15 | E5: =IF(C5="","",WORKDAY((C5),D5,Listas!$G$2:$G$75)) -> 46248 | F5: Traslado PQRSD de otras entidades | G5: DANIELA MARÍA TARAZONA Peticionaria notijudicol26@gmail.com | H5: 2187236 | I5: 46247
A6: 2180608 | B6: Gestión exitosa | C6: 46231.644 | D6: 15 | E6: =IF(C6="","",WORKDAY((C6),D6,Listas!$G$2:$G$75)) -> 46254 | F6: Traslado PQRSD de otras entidades | G6: ÓSCAR EDUARDO CADAVID BERMUDEZ bermudezteamo@gmail.com oscar32051232@gmail.com | H6: 2188775 | I6: 46254
A7: 2185332 | B7: Sin iniciar trámite | C7: 46244.605 | D7: 10 | E7: =IF(C7="","",WORKDAY((C7),D7,Listas!$G$2:$G$75)) -> 46259 | F7: Solicitud de Información | G7: IRMA LLANOS Economista y experta en gestión de Riesgos illanos1217@gmail.com
A8: 2186149 | B8: Gestión exitosa | C8: 46246.392 | D8: 15 | E8: =IF(C8="","",WORKDAY((C8),D8,Listas!$G$2:$G$75)) -> 46268 | F8: Traslado consulta de otras entidades | G8: IRMA LLANOS GALINDO illanos1217@gmail.com | H8: 2187804 | I8: 46252
A9: 2186727 | B9: Sin iniciar trámite | C9: 46247.399 | D9: 15 | E9: =IF(C9="","",WORKDAY((C9),D9,Listas!$G$2:$G$75)) -> 46269 | F9: Derecho de Petición | G9: JONATHAN LÓPEZ HIGUERA C.C. 1.098.662.291 Correo: pikateshta@gmail.com
A10: 2189281 | B10: Sin iniciar trámite | C10: 46255.522 | D10: 15 | E10: =IF(C10="","",WORKDAY((C10),D10,Listas!$G$2:$G$75)) -> 46276 | F10: Traslado consulta de otras entidades | G10: LUIS GABRIEL CUELLO MUÑOZ Luissantamaria401@gmail.com
A11: 2189303 | B11: Sin iniciar trámite | C11: 46255.541 | D11: 15 | E11: =IF(C11="","",WORKDAY((C11),D11,Listas!$G$2:$G$75)) -> 46276 | F11: Traslado PQRSD de otras entidades | G11: JONATHAN LÓPEZ HIGUERA pikateshta@gmail.com
A12: 2190567 | B12: Sin iniciar trámite | C12: 46260.439 | D12: 10 | E12: =IF(C12="","",WORKDAY((C12),D12,Listas!$G$2:$G$75)) -> 46274 | F12: Solicitud de Información | G12: JONATHAN LÓPEZ HIGUERA pikateshta@gmail.com
A13: 2190582 | B13: Sin iniciar trámite | C13: 46260.461 | D13: 15 | E13: =IF(C13="","",WORKDAY((C13),D13,Listas!$G$2:$G$75)) -> 46281 | F13: Traslado PQRSD de otras entidades | G13: EFRAIN OLARTE OLARTE CC 17158236 efrainolarte46@yahoo.es
A14: 2190596 | B14: Sin iniciar trámite | C14: 46260.469 | D14: 10 | E14: =IF(C14="","",WORKDAY((C14),D14,Listas!$G$2:$G$75)) -> 46274 | F14: Solicitud de Información | G14: LUIS GUILLERMO PÉREZ PÉREZ C.C. No. 1.032.473.205 Representante Legal Suplente FUNDACIÓN LITTLE GUARDIANS NIT 901.858.299-6control@littleguardians.org
A15: 2190685 | B15: Sin iniciar trámite | C15: 46260.612 | D15: 10 | E15: =IF(C15="","",WORKDAY((C15),D15,Listas!$G$2:$G$75)) -> 46274 | F15: Solicitud de Información | G15: LUIS GUILLERMO PÉREZ PÉREZ C.C. No. 1.032.473.205 Representante Legal Suplente FUNDACIÓN LITTLE GUARDIANS NIT 901.858.299-6 control@littleguardians.org
A16: 2190877 | B16: Sin iniciar trámite | C16: 46261.341 | D16: 5 | E16: =IF(C16="","",WORKDAY((C16),D16,Listas!$G$2:$G$75)) -> 46268 | F16: Solicitud de información del Congreso de la República | G16: JOSE WICENTE CARRENO CASTRO Secretario Comision Quinta Camara de Representantes comision.quinta@camara.gov.co
A17: 2191372 | B17: Sin iniciar trámite | C17: 46262.374 | D17: 15 | E17: =IF(C17="","",WORKDAY((C17),D17,Listas!$G$2:$G$75)) -> 46283 | F17: Traslado PQRSD de otras entidades | G17: GUSTAVO ALONSO QUINTERO MORALES C.C. 7.226.582 de Duitama gustavoduitamaxiaomi@gmail.com

Sheet Temas
A1: Cantidad | B1: Subtema | C1: Temas principales | E1: Asuntos_Admin_Finan_y_TH | F1: Comunidades_y_Medio_Ambiente | G1: Congreso | H1: Contratos_Misionales | I1: Control_Interno_Disciplinario | J1: Entes_de_Control | K1: Fiscalía_General_Nación_y_Policía_Nacional | L1: Fiscalización | M1: Gestión_de_la_Información_Técnica | N1: Gestión_Legal_y_Jurídica | O1: Infraestructura_Tecnológica_y_Seguridad_de_la_Información | P1: Planeación | Q1: Promoción_y_Asignación_de_Áreas | R1: Regalías_y_Derechos_Económicos | S1: Reservas_y_Operaciones | T1: Presidencia
A2: 5 | B2: Asuntos de competencia de otra entidad | C2: Asuntos administrativos, financieros y del talento humano | E2: Asuntos de competencia de otra entidad. | F2: Acompañamientos a las comunidades en el desarrollo de proyectos de hidrocarburos. | G2: Congreso de la República | H2: Copias de contratos EyP y TEAS | I2: Procesos, expedientes y actuaciones disciplinarias. | J2: Requerimientos de entes de control en el marco de auditorias e investigaciones especiales. | K2: Requerimientos de Policía Nacional y Fiscalía General de la Nación | L2: Cifras oficiales de producción de hidrocarburos en el país | M2: Cartografía de zonas petroleras. | N2: Asuntos tributarios en materia de hidrocarburos | O2: Infraestructura tecnológica y seguridad de la información | P2: Banco de programas y proyectos de inversión nacional | Q2: Asignación de áreas, áreas libres, reglamentación especial, requisitos y criterios para asignación. | R2: Asignaciones directas | S2: Certificaciones de reembolso tributario -CERT- | T2: Comunicaciones
A3: 6 | B3: Asuntos sindicales | C3: Asuntos administrativos, financieros y del talento humano | E3: Asuntos sindicales | F3: Áreas protegidas, reservas naturales, humedales y parques nacionales naturales. | H3: Contratos de hidrocarburos en yacimientos no convencionales o roca generadora y Proyectos Pilotos de Investigación Integral sobre Yacimientos No Convencionales - YNC de hidrocarburos-. | L3: Fiscalización de la producción de hidrocarburos por parte de los operadores de áreas en el país | M3: Mapa de Áreas | N3: Consejo Directivo ANH | P3: Planeación estratégica, indicadores y sistemas de gestión | Q3: Comportamiento del mercado de hidrocarburos en Colombia | R3: Cantidades y precios de crudo | S3: Reservas de hidrocarburos en el país
A4: 11 | B4: Carrera administrativa | C4: Asuntos administrativos, financieros y del talento humano | E4: Carrera administrativa | F4: Beneficios sociales y económicos de las comunidades por actividades petroleras. | H4: Estado actual de contratos EyP, TEAS y bloques de hidrocarburos. | L4: Precio de hidrocarburos | M4: Verificación de áreas para solicitudes de adquisición y restitución de tierras | N4: Derechos de los particulares por el subsuelo | P4: Proyectos de interés nacional y estratégico -PINES- | Q4: Proyectos de fracking en el país | R4: Derechos económicos | S4: Yacimiento y fluidos en formación
A5: 13 | B5: Certificaciones y consultas sobre contratos Administrativos. | C5: Asuntos administrativos, financieros y del talento humano | E5: Certificaciones financieras de contratos administrativos, E&P y TEAS. | F5: Consulta previa con las comunidades en desarrollo de proyectos de hidrocarburos. | H5: Garantías en contratos EyP y TEAS | L5: Quemas de gas en el sector de hidrocarburos | M5: Cuencas sedimentarias | N5: Defensa judicial | P5: Transferencia de tecnología | Q5: Información de operadores en Colombia | R5: Fondo de Ahorro y Estabilización Petrolera – FAEP-
A6: 14 | B6: Certificaciones financieras de contratos administrativos, E&P y TEAS. | C6: Asuntos administrativos, financieros y del talento humano | E6: Certificaciones laborales y tributarias | F6: Daños o impactos ocasionados en la ejecución de proyectos o contratos de hidrocarburos | H6: Inconformidad por desarrollo irregular de proyecto | L6: Seguimiento de seguridad y salud en el trabajo en contratos misionales | M6: Datos de sísmica y pozos | N6: Incumplimiento de contratos EyP y TEAS | Q6: Plan de promoción y mercadeo de las áreas para la exploración y explotación en el país | R6: Liquidación, pagos, giros y embargos de recursos de regalías
A7: 15 | B7: Certificaciones laborales y tributarias | C7: Asuntos administrativos, financieros y del talento humano | E7: Certificaciones y consultas sobre contratos Administrativos. | F7: Estrategia territorial de hidrocarburos | H7: Información sobre proyectos y contratos offshore | L7: Solicitud de verificación de pozos | M7: Declaración de existencia de yacimiento de petróleo y rezumaderos de hidrocarburos | N7: Información sobre actos administrativos de la ANH | Q7: Proceso permanente de asignación de áreas | R7: Municipios productores de gran minería
A8: 20 | B8: Copias de contratos administrativos | C8: Asuntos administrativos, financieros y del talento humano | E8: Concursos de selección y listas de elegibles | F8: Impacto ambientales en el desarrollo de proyectos de hidrocarburos. | H8: Seguimiento a compromisos contractuales en contratos EyP y TEAS | M8: Estudios geofísicos, sísmica y estratigrafía | N8: Normatividad sobre exploración, regulación y producción de hidrocarburos.
A9: 22 | B9: Concursos de selección y listas de elegibles | C9: Asuntos administrativos, financieros y del talento humano | E9: Copias de contratos administrativos | F9: Información de procesos de licenciamiento ambiental en contratos de hidrocarburos | H9: Solicitudes de contratistas de contratos EyP y Teas (modificaciones, cesiones de intereses, prórrogas, plazos, entre otros). | M9: Información sobre proyectos de perforación y profundidad | N9: Proyectos normativos en asuntos de hidrocarburos
A10: 40 | B10: Gestión documental | C10: Asuntos administrativos, financieros y del talento humano | E10: Gestión documental | F10: Intervención para que compañía o tercero contratista pague por actividades ejecutadas en el desarrollo de proyectos de hidrocarburos | M10: Oportunidades de exploración y explotación en el subsuelo colombiano
A11: 46 | B11: Información sobre misión, objeto, funciones, contratistas, funcionarios y directivos de la entidad | C11: Asuntos administrativos, financieros y del talento humano | E11: Información presupuestal, contable y Plan Anual de Adquisiciones de la entidad | F11: Inversión social en proyectos de hidrocarburos - PBC-. | M11: Solicitud de información geológica y geofísica (sísmica y estratigrafía)
A12: 48 | B12: Información presupuestal, contable y Plan Anual de Adquisiciones de la entidad | C12: Asuntos administrativos, financieros y del talento humano | E12: Información sobre misión, objeto, funciones, contratistas, funcionarios y directivos de la entidad | F12: Planes de manejo ambiental y licencias ambientales | M12: Localización de predios y áreas con contratos de hidrocarburos
A13: 61 | B13: Planes de gestión y manejo de residuos en la entidad | C13: Asuntos administrativos, financieros y del talento humano | E13: Pago de obligaciones, sentencias y laudos arbitrales | F13: Ocurrencia de emergencia en proyectos de hidrocarburos
A14: 66 | B14: Pago de obligaciones, sentencias y laudos arbitrales | C14: Asuntos administrativos, financieros y del talento humano | E14: Planes de gestión y manejo de residuos en la entidad | F14: Planes de desarrollo, políticas ambientales y del sector de minas y energía y cambio climático
A15: 68 | B15: Prácticas profesionales | C15: Asuntos administrativos, financieros y del talento humano | E15: Prácticas profesionales | F15: Protocolos de seguridad por COVID-19 implementadoss por las operadoras.
A16: 69 | B16: Presupuesto, contabilidad y estado de los recursos financieros | C16: Asuntos administrativos, financieros y del talento humano | E16: Presupuesto, contabilidad y estado de los recursos financieros | F16: Servidumbres petroleras
A17: 72 | B17: Procesos contractuales administrativos (estudios previos, términos de referencia, supervisión, plazos, pólizas). | C17: Asuntos administrativos, financieros y del talento humano | E17: Procesos contractuales administrativos (estudios previos, términos de referencia, supervisión, plazos, pólizas). | F17: Vinculación de personal por contratistas en el desarrollo de proyectos de hidrocarburos.
A18: 77 | B18: Recursos físicos e inventario de bienes | C18: Asuntos administrativos, financieros y del talento humano | E18: Recursos físicos e inventario de bienes
A19: 78 | B19: Rendición de cuentas | C19: Asuntos administrativos, financieros y del talento humano | E19: Rendición de cuentas
A20: 88 | B20: Solicitudes funcionarios ANH | C20: Asuntos administrativos, financieros y del talento humano | E20: Solicitudes funcionarios ANH
A21: 89 | B21: Tesorería | C21: Asuntos administrativos, financieros y del talento humano | E21: Tesorería
A22: 1 | B22: Acompañamientos a las comunidades en el desarrollo de proyectos de hidrocarburos. | C22: Comunidades y medio ambiente
A23: 2 | B23: Áreas protegidas, reservas naturales, humedales y parques nacionales naturales. | C23: Comunidades y medio ambiente
A24: 9 | B24: Beneficios sociales y económicos de las comunidades por actividades petroleras. | C24: Comunidades y medio ambiente
A25: 25 | B25: Consulta previa con las comunidades en desarrollo de proyectos de hidrocarburos. | C25: Comunidades y medio ambiente
A26: 27 | B26: Daños o impactos ocasionados en la ejecución de proyectos o contratos de hidrocarburos | C26: Comunidades y medio ambiente
A27: 35 | B27: Estrategia territorial de hidrocarburos | C27: Comunidades y medio ambiente
A28: 41 | B28: Impacto ambientales en el desarrollo de proyectos de hidrocarburos. | C28: Comunidades y medio ambiente
A29: 47 | B29: Información de procesos de licenciamiento ambiental en contratos de hidrocarburos | C29: Comunidades y medio ambiente
A30: 52 | B30: Intervención para que compañía o tercero contratista pague por actividades ejecutadas en el desarrollo de proyectos de hidrocarburos | C30: Comunidades y medio ambiente
A31: 53 | B31: Inversión social en proyectos de hidrocarburos - PBC-. | C31: Comunidades y medio ambiente
A32: 62 | B32: Planes de manejo ambiental y licencias ambientales | C32: Comunidades y medio ambiente
A33: 64 | B33: Ocurrencia de emergencia en proyectos de hidrocarburos | C33: Comunidades y medio ambiente
... A94: 93 | B94: Yacimiento y fluidos en formación | C94: Reservas y operaciones
B95: Comunicaciones | C95: Presidencia

Sheet Listas
A1: Estado del trámite | C1: Medios de Recepción | E1: Confirmación de envíos | G1: Fechas
A2: Sin iniciar trámite | C2: Correo electrónico | E2: Sí | G2: 44927
A3: Gestión exitosa | C3: Empresa de mensajería | E3: No | G3: 44935
C4: Formulario web | G4: 45005
C5: Personal | G5: 45029
A6: Sexo | G6: 45030
A7: H | C7: Departamento | D7: Capital | E7: Tipo de traslado | G7: 45047
A8: M | C8: Amazonas | D8: Leticia | E8: Parcial | G8: 45075
A9: N/A | C9: Antioquia | D9: Medellín | E9: Total | G9: 45096
C10: Arauca | D10: Arauca | G10: 45103
A11: Tipologia documental | C11: Atlantico | D11: Barranquilla | G11: 45110
A12: Solicitud de Información | C12: Bolivar | D12: Cartagena | G12: 45127
A13: Derecho de Petición | C13: Boyaca | D13: Tunja | G13: 45145
A14: Traslado PQRSD de otras entidades | C14: Caldas | D14: Manizales | G14: 45159
A15: Solicitud de información del Congreso de la República | C15: Caqueta | D15: Florencia | G15: 45215
A16: Consultas | C16: Casanare | D16: Yopal | G16: 45236
A17: Solicitud certificaciones | C17: Cauca | D17: Popayán | G17: 45243
A18: Traslado consulta de otras entidades | C18: Cesar | D18: Valledupar | G18: 45268
A19: Reclamos | C19: Choco | D19: Quibdó | G19: 45285
A20: Quejas | C20: Cordoba | D20: Montería | G20: 45292
A21: Denuncias | C21: Cundinamarca | D21: Bogotá | G21: 45299
A22: Solicitud copias | C22: Guainia | D22: Inírida | G22: 45376
A23: Felicitación y/o agradecimiento | C23: Guaviare | D23: San José del Guaviare | G23: 45379
C24: Huila | D24: Neiva | G24: 45380
A25: Medio de envío | C25: La Guajira | D25: Riohacha | G25: 45401
A26: Notificaciión restitución de tierras | C26: Magdalena | D26: Santa Marta | G26: 45413
A27: Certimail | C27: Meta | D27: Villavicencio | G27: 45425
A28: Correo participación ciudadana | C28: Nariño | D28: Pasto | G28: 45446
A29: Correspondencia interna | C29: Norte de Santander | D29: Cúcuta | G29: 45453
A30: Notificación de entrega personal | C30: Putumayo | D30: Mocoa | G30: 45474
A31: Publicación en página web | C31: Quindio | D31: Armenia | G31: 45493
A32: Ventanilla | C32: Risaralda | D32: Pereira | G32: 45511
C33: San Andres y Providencia | D33: San Andrés | G33: 45523
A34: Grupos de interés | C34: Santander | D34: Bucaramanga | G34: 45579
A35: Ciudadanos | C35: Sucre | D35: Sincelejo | G35: 45600
A36: Contratistas ANH | C36: Tolima | D36: Ibagué | G36: 45607
A37: Comunidades indígenas | C37: Valle del Cauca | D37: Cali | G37: 45634
A38: Comunidades étnicas | C38: Vaupes | D38: Mitú | G38: 45651
A39: Congreso de la República | C39: Vichada | D39: Puerto Carreño | G39: 45658
A40: Empresas contratistas | G40: 45663
A41: Empresas privadas | G41: 45740
A42: Empresas públicas | C42: Tipo de traslado | G42: 45764
A43: Entes de control | C43: Traslados parciales | G43: 45765
A44: Entes territoriales | C44: Traslados totales | G44: 45778
A45: Entidades privadas | G45: 45810
A46: Entidades públicas | G46: 45831
A47: Estudiantes | G47: 45838
A48: Funcionarios ANH | G48: 45858
A49: Sindicatos | G49: 45876
A50: Periodistas | G50: 45887
A51: Juntas de acción comunal | G51: 45943
A52: Universidades | G52: 45964
A53: Veedurías | G53: 45978
B54: Oficina | G54: 45999
A55: Unidad | B55: Atención Ciudadana y Comunicaciones | G55: 46016
A56: Vicepresidencia Administrativa y FInanciera | B56: Administrativa | G56: 46023
A57: Vicepresidencia Administrativa y FInanciera | B57: Financiera | G57: 46034
A58: Vicepresidencia Administrativa y FInanciera | B58: Talento humano | G58: 46104
A59: Vicepresidencia Administrativa y FInanciera | B59: Vicepresidencia Administrativa y FInanciera | G59: 46114
A60: Vicepresidencia Administrativa y FInanciera | B60: Gerencia de seguimiento a contratos en exploración | G60: 46115
A61: Vicepresidencia de Contratos de Hidrocarburos | B61: Vicepresidencia de Contratos de Hidrocarburos | G61: 46129
A62: Vicepresidencia de Contratos de Hidrocarburos | B62: Presidencia | G62: 46143
A63: Presidencia | B63: Oficina de Asesoría Jurídica | G63: 46160
A64: Presidencia | B64: Oficina de Tecnologías de Información | G64: 46181
A65: Presidencia | B65: Oficina de Control Interno | G65: 46188
A66: Presidencia | B66: Gerencia de Asuntos Legales y Contratación | G66: 46202
A67: Presidencia | B67: Gerencia de Gestión de la Información Técnica | G67: 46216
G68: 46223
A69: Vicepresidencia Técnica | B69: Vicepresidencia Técnica | G69: 46241
A70: Vicepresidencia Técnica | B70: Vicepresidencia de Operaciones, Regalías y Participaciones | G70: 46251
A71: Vicepresidencia de Operaciones, Regalías y Participaciones | B71: Vicepresidencia de Promoción y Asignación de Áreas | G71: 46307
A72: Vicepresidencia de Promoción y Asignación de Áreas | B72: Control Interno Disciplinario | G72: 46328
A73: Vicepresidencia Administrativa y FInanciera | G73: 46342
G74: 46364
G75: 46381
